 Dungeon Crawl Stone Soup version 0.19-a0-944-gb338e1e (webtiles) character file.

84 Kurtz the Cudgeler (level 4, -1/35 HPs)
             Began as a Mummy Berserker on July 9, 2016.
             Was a Believer of Trog.
             Killed from afar by an orc wizard (2 damage)
             ... with a puff of frost
             ... on level 3 of the Dungeon.
             The game lasted 00:02:11 (1177 turns).

Kurtz the Cudgeler (Mummy Berserker)                Turns: 1177, Time: 00:02:11

Health: -1/35      AC: 10    Str: 20    XL:     4   Next: 24%
Magic:  4/4        EV:  8    Int:  6    God:    Trog [**....]
Gold:   44         SH:  0    Dex: 12    Spells: 0 memorised, 3 levels left

rFire  x . .     SeeInvis .     c - +1 whip (vamp)
rCold  + . .     Gourm    .     g - +0 chain mail
rNeg   + + +     Faith    .     (no shield)
rPois  ∞         Spirit   .     i - +0 helmet
rElec  .         Dismiss  .     (no cloak)
rCorr  .         Reflect  .     j - +0 pair of gloves
SustAt .         Harm     .     (no boots)
MR     .....                    (no amulet)
Stlth  ..........               (no ring)
                                (no ring)

@: confused, not resistant to hostile enchantments, extremely unstealthy
A: no food or potions, fire vulnerability, cold resistance 1, negative energy
resistance 3, torment resistance, unbreathing
a: Trog's Hand, Burn Spellbooks, Renounce Religion


You were on level 3 of the Dungeon.
You worshipped Trog.
Trog was pleased with you.
You were not hungry.

You visited 1 branch of the dungeon, and saw 3 of its levels.

You collected 44 gold pieces.

Inventory:

Hand Weapons
 a - a +0 mace
 c - a +1 vampiric whip (weapon)
Armour
 b - a +0 animal skin
 e - a +0 ring mail
 g - a +0 chain mail (worn)
 i - a +0 helmet (worn)
 j - a +0 pair of gloves (worn)
Scrolls
 d - 2 scrolls of identify {unknown}
 f - a scroll of teleportation {unknown}
 h - a scroll of recharging {unknown}


   Skills:
 - Level 3.0 Fighting
 * Level 4.2 Maces & Flails
 - Level 1.5 Armour
 - Level 1.5 Dodging


You had 3 spell levels left.
You didn't know any spells.

Dungeon Overview and Level Annotations

Branches:
Dungeon (3/15)

Altars:
Cheibriados
Yredelemnul
The Shining One


Innate Abilities, Weirdness & Mutations

You do not eat or drink.
Your flesh is vulnerable to fire.
You are immune to poison.
Your flesh is cold resistant. (rC+)
You are immune to negative energy. (rN+++)
You are immune to unholy pain and torment.
You can survive without breathing.


Message History

The orc wizard hits you but does no damage.
The orc priest misses you. The orc wizard closely misses you.
The orc barely misses you. The orc hits you with a flail.
* * * LOW HITPOINT WARNING * * *
The orc wizard hits you but does no damage.
You're too confused!
You barely miss the orc.
The orc priest hits you but does no damage.
The orc wizard hits you but does no damage.
The orc hits you but does no damage. The orc wizard hits you with a dagger.
* * * LOW HITPOINT WARNING * * *
The orc hits you but does no damage.
Unknown command.
You're too confused!
Unknown command.
Unknown command.
You bump into the rock wall.
The orc wizard points at you and mumbles some strange words.
The puff of frost hits you! You resist.
You die...

## ..
.##
..#
..#
###o.#
#o@o.#
##oo.#
....#
##...#
#...#
#...#
....#
##.##


You could see an orc priest, 2 orc wizards and 2 orcs.

Vanquished Creatures
  4 adders (D:2)
  An ooze (D:1)
  A dart slug (D:2)
  3 giant cockroaches
  6 goblins
  3 hobgoblins
  6 kobolds
  A quokka (D:2)
  7 bats
  4 giant newts
  8 rats
44 creatures vanquished.

Vanquished Creatures (others)
  A kobold (D:2)
1 creature vanquished.

Grand Total: 45 creatures vanquished

Notes
Turn   | Place    | Note
-------+----------+-------------------------------------------
     0 | D:1      | Kurtz the Mummy Berserker began the quest for the Orb.
     0 | D:1      | Reached XP level 1. HP: 18/18 MP: 1/1
   167 | D:1      | Reached XP level 2. HP: 24/24 MP: 2/2
   193 | D:1      | Reached skill level 3 in Maces & Flails
   682 | D:2      | Reached XP level 3. HP: 28/29 MP: 3/3
   689 | D:2      | Reached ** piety under Trog
   707 | D:2      | Found a snail-covered altar of Cheibriados.
   802 | D:2      | Reached skill level 4 in Maces & Flails
   928 | D:2      | Reached XP level 4. HP: 29/35 MP: 4/4
  1047 | D:2      | Found a glowing golden altar of the Shining One.
  1078 | D:2      | Found a basalt altar of Yredelemnul.
  1080 | D:2      | Noticed a profane servitor
  1097 | D:2      | Noticed an angel
  1176 | D:3      | HP: 1/35 [orc wizard/dagger (2)]
  1177 | D:3      | Killed from afar by an orc wizard

Vault maps used:
D:1:      dpeg_arrival_another_circle, minmay_ruptured
D:2:      grunt_temple_overflow_holy_war, lemuel_round_altar,
          wad_floor_pattern_untrapped
D:3:      kiku_gazebo_pond_becter, first_bread, wad_orctagon, uniq_jessica,
          uniq_crazy_yiuf_cottage

Skill      XL: |  1  2  3 |
---------------+----------+-----
Maces & Flails | 3 4 |  4.2
Fighting       | |  3.0
Armour         | |  1.5
Dodging        | |  1.5

Action                   |  1- 3 |  4- 6 || total
-------------------------+-------+-------++-------
Melee: Whip              |   142 |    32 ||   174
Armor: Animal skin       |    12 |       ||    12
       Ring mail         |    20 |       ||    20
       Chain mail        |    41 |    33 ||    74
Dodge: Dodged            |    86 |    32 ||   118
